 Dungeon Crawl Stone Soup version 0.27-a0-1317-gd1140b374c (webtiles) character file.

Game seed: 14848478476754172953

206 27snakeeyes612 the Sneak (level 5, 0/47 HPs)
             Began as a Minotaur Delver on June 21, 2021.
             Slain by Duvessa (2 damage)
             ... on level 4 of the Dungeon.
             The game lasted 00:03:40 (3096 turns).

27snakeeyes612 the Sneak (Minotaur Delver)          Turns: 3096, Time: 00:03:40

Health: 0/47       AC: 10    Str: 18    XL:     5   Next: 53%
Magic:  4/4        EV:  8    Int:  7    God:
Gold:   204        SH:  0    Dex: 11    Spells: 4/4 levels left

rFire    . . .     SeeInvis .   a - +0 hand axe (freeze)
rCold    . . .     Faith    .   (no shield)
rNeg     . . .     Spirit   .   m - +0 chain mail
rPois    .         Reflect  .   (helmet restricted)
rElec    .         Harm     .   (no cloak)
rCorr    +         Rampage  .   (no gloves)
Will     .....                  (no boots)
Stlth    ..........             (no amulet)
HPRegen  0.15/turn              l - ring of resist corrosion
MPRegen  0.09/turn              (no ring)

@: unable to read
A: horns 2, retaliatory headbutt, iridescent scales 1, inability to read while
threatened
a: no special abilities


You were on level 4 of the Dungeon.
You visited 1 branch of the dungeon, and saw 6 of its levels.

You collected 204 gold pieces.

Inventory:

Hand Weapons
 a - a +0 hand axe of freezing (weapon)
Armour
 b - a +0 leather armour
 m - a +0 chain mail (worn)
Jewellery
 l - a ring of resist corrosion (left hand)
 n - a ring of fire
 o - an amulet of regeneration
Wands
 g - a wand of digging (3)
 h - a wand of charming (7)
 u - a wand of polymorph (5) (quivered)
Scrolls
 c - a scroll of fog
 d - 3 scrolls of magic mapping
 e - a scroll of fear
 i - a scroll of vulnerability
 q - a scroll of enchant armour {unknown}
 v - a scroll of teleportation {unknown}
Potions
 f - a potion of haste
 j - a potion of berserk rage {unknown}
 k - a potion of mutation
 p - a potion of heal wounds
 r - a potion of curing {unknown}
 t - a potion of brilliance {unknown}


   Skills:
 + Level 4.8 Fighting
 + Level 3.9 Axes
 + Level 3.5 Dodging
 + Level 5.0 Stealth


You had 4 spell levels left.
You didn't know any spells.
Your spell library contained the following spells:

 Spells                   Type           Power      Damage    Failure   Level
 Corona                   Hex            0%         N/A       100%        1
 Slow                     Hex            0%         N/A       100%        2
 Inner Flame              Hex/Fire       0%         N/A       100%        3
 Portal Projectile        Hex/Tloc       0%         N/A       100%        3
 Cause Fear               Hex            0%         N/A       100%        4
 Leda's Liquefaction      Hex/Erth       0%         N/A       100%        4


Dungeon Overview and Level Annotations

Branches:
Dungeon (6/15)
 Temple: D:4-7

Altars:

Shops:
D:5 **

Annotations:
D:4 Dowan, Duvessa


Innate Abilities, Weirdness & Mutations

You have a pair of horns on your head.
You reflexively headbutt those who attack you in melee.
You are partially covered in iridescent scales. (AC +2)
You sometimes lose the ability to read scrolls when taking damage.


Message History

Duvessa seems to speed up.
It was a potion of mutation.
You feel extremely strange.
You lose the ability to read scrolls when threatened.
You feel frail.
Iridescent scales grow over part of your body.
You feel robust.
Dowan zaps a wand.
The puff of flame misses you. Duvessa hits you with a +0 rapier.
Okay, then.
Unknown command.
Your chain mail prevents you from hitting Dowan.
You hit Duvessa but do no damage. Duvessa barely misses you.
Dowan hits you with a +0 dagger. Duvessa hits you with a +0 rapier!
You feel threatened and lose the ability to read scrolls!
It was a potion of heal wounds.
You feel much better.
You can read scrolls again.
Dowan gestures wildly while chanting.
Dowan blinks!
Duvessa hits you with a +0 rapier. Duvessa hits you with a +0 rapier!
Duvessa hits you but does no damage.
Dowan gestures wildly while chanting.
Dowan blinks!
Duvessa hits you with a +0 rapier.
You feel threatened and lose the ability to read scrolls!
You hit Duvessa. You freeze Duvessa.
Duvessa is lightly wounded.
Duvessa hits you but does no damage.
Dowan zaps a wand.
The puff of flame hits you! Duvessa hits you but does no damage.
You hit Duvessa. You freeze Duvessa.
Duvessa is lightly wounded.
Duvessa hits you with a +0 rapier.
* * * LOW HITPOINT WARNING * * *
You barely miss Duvessa. You headbutt Duvessa.
Duvessa is moderately wounded.
Duvessa hits you with a +0 rapier!
* * * LOW HITPOINT WARNING * * *
Duvessa hits you with a +0 rapier.
* * * LOW HITPOINT WARNING * * *
You hit Duvessa but do no damage. Your headbutt misses Duvessa.
Duvessa is moderately wounded.
Duvessa hits you with a +0 rapier.
You die...

........... ##.........
#......### #......#.. .
#......#.. ..##########
#......#..
...........##+#......#..
........e............#).
...e...@.............'..
...........!.........#..
......#####..........#..
...... #..........#..
##### #..........'..
#..........#..
#####......#..
#......#.. #......#..


You could see Duvessa (fast) and Dowan.

Vanquished Creatures
  A centaur skeleton (D:4)
  A hound skeleton (D:5)
  5 adders
  4 gnolls (D:2)
  A shadow imp (D:5)
  4 worms
  A dart slug (D:3)
  2 ball pythons
  3 endoplasms
  4 giant cockroaches
  6 hobgoblins
  5 jackals (D:1)
  4 kobolds
  2 quokkas
  8 bats
  3 frilled lizards
  6 goblins
  4 rats
64 creatures vanquished.

Vanquished Creatures (others)
  2 jackals (D:1)
  2 withered plants (D:2)
4 creatures vanquished.

Grand Total: 68 creatures vanquished

Notes
Turn   | Place    | Note
-------+----------+-------------------------------------------
     0 | D:5      | 27snakeeyes612 the Minotaur Delver began the quest for the
                  | Orb.
     0 | D:5      | Reached XP level 1. HP: 19/19 MP: 0/0
    21 | D:6      | Noticed a scorpion
    95 | D:5      | Reached XP level 2. HP: 27/27 MP: 1/1
   329 | D:4      | Reached XP level 3. HP: 21/33 MP: 2/2
   567 | D:2      | Reached XP level 4. HP: 36/40 MP: 3/3
  1632 | D:2      | Reached XP level 5. HP: 26/47 MP: 4/4
  1876 | D:2      | Found a faded altar of an unknown god.
  2129 | D:3      | Reached skill level 5 in Stealth
  3084 | D:4      | Noticed Dowan
  3085 | D:4      | Noticed Duvessa
  3088 | D:4      | Gained mutation: You sometimes lose the ability to read
                  | scrolls when taking damage. [potion of mutation]
  3088 | D:4      | Gained mutation: You are frail. (-10% HP) [potion of
                  | mutation]
  3088 | D:4      | Gained mutation: You are partially covered in iridescent
                  | scales. (AC +2) [potion of mutation]
  3088 | D:4      | Lost mutation: You are frail. (-10% HP) [potion of
                  | mutation]
  3095 | D:4      | HP: 1/47 [Duvessa (3)]
  3096 | D:4      | Slain by Duvessa

Illustrated notes

Levels and vault maps discovered:
D:1:      nicolae_arrival_memento_mori, layout_loops_cross, lemuel_old_faithful
D:2:      layout_rooms, shapermc_ecumenical_altar_flowoftime
D:3:      layout_loops_ring, minmay_misc_feat_roman
D:4:      layout_gridville, uniq_blork_the_orc, uniq_duvessa, uniq_menkaure,
          uniq_ijyb
D:5:      minmay_bubble_buster, layout_basic, nicolae_specific_store
D:6:      layout_gridville, grunt_temple_overflow_magic_moments,
          cheibriados_altar_1, temple_hall

Skill      XL: |  1  2  3  4  5 |
---------------+----------------+-----
Fighting       | 4 |  4.8
Axes           | 3 |  3.9
Dodging        | 3 |  3.5
Stealth        | 5 |  5.0

Action                   |  1- 3 |  4- 6 || total
-------------------------+-------+-------++-------
Melee: Hand axe          |    32 |   164 ||   196
       Headbutt          |     3 |    29 ||    32
  Use: Scroll            |       |     6 ||     6
       Potion            |       |     2 ||     2
 Stab: Sleeping          |     3 |       ||     3
Armor: Leather armour    |     7 |       ||     7
       Chain mail        |     1 |    95 ||    96
Dodge: Dodged            |    27 |    55 ||    82

Table legend: (Time is in decaauts)
 A = Elapsed time spent in this place.
 B = Non-inter-level travel time spent in this place.
 C = Inter-level travel time spent in this place.
 D = Time resting spent in this place.
 E = Time spent auto-exploring this place.
 F = Levels seen in this place.
 G = Mean time per level.
                   A        B        C        D        E       F      G
               +--------+--------+--------+--------+--------+-----+--------+
         Total |   3120 |   3056 |     64 |    103 |   2216 |   6 |  520.0 |
       Dungeon |   3120 |   3056 |     64 |    103 |   2216 |   6 |  520.0 |
               +--------+--------+--------+--------+--------+-----+--------+

Top non-repeatable levels by time:
     D:2: 846 daAuts
     D:3: 812 daAuts
     D:1: 769 daAuts
     D:4: 499 daAuts
     D:5: 191 daAuts
     D:6: 1 daAuts
